 Dungeon Crawl Stone Soup version 0.31-a0-459-gc8a9bf3d51 (webtiles) character file.

Game seed: 6468824569557860141

110061 Ethylacetat the Dancer (level 16, -2/82 (86) HPs)
             Began as a Vine Stalker Monk on Aug 4, 2023.
             Was a High Priest of Uskayaw.
             Slain by an orc priest
             ... wielding a +0 flail
              (3 damage)
             ... while paralysed by an orc sorcerer
             ... on level 2 of the Orcish Mines.
             The game lasted 01:09:02 (17956 turns).

Ethylacetat the Dancer (Vine Stalker Monk)         Turns: 17956, Time: 01:09:04

HP:   -2/82 (86)    AC:  9    Str: 21    XL:     16   Next: 54%
MP:   0/40          EV:  2    Int: 17    God:    Uskayaw [*****.]
Gold: 2458          SH:  0    Dex: 24    Spells: 33/36 levels left

rFire   . . .        y - +8 Vampire's Tooth {megavamp}
rCold   . . .        Q - +2 tower shield {rPois}
rNeg    . . .        a - +7 toga "Victory" {*Victory Int+7 Slay+7 Clar}
rPois   +            (helmet currently unavailable)
rElec   .            (cloak currently unavailable)
rCorr   .            (gloves currently unavailable)
SInv    .            (boots currently unavailable)
Will    ++...        (no amulet)
Stlth   +++          O - ring "Denloer" {MP+9 Str+6}
HPRegen 1.13/turn    z - ring of poison resistance
MPRegen 0.27/turn

%: clarity, guardian spirit
@: paralysed, beast-form, lightly drained
A: beast (slay +7), fangs 3, regeneration 1, magic shield, antimagic bite, no
potion heal 2
a: Begin Untransformation, Renounce Religion, Stomp, Line Pass, Grand Finale


You were on level 2 of the Orcish Mines.
You worshipped Uskayaw.
Uskayaw was pleased with you.
You were a hulking beast.
You visited 4 branches of the dungeon, and saw 23 of its levels.
You also visited: Bailey and Gauntlet.

You collected 3238 gold pieces.
You spent 780 gold pieces at shops.

Inventory:

Hand Weapons
 r - a +10 battleaxe
 y - the +8 Vampire's Tooth (weapon) {megavamp}
   (You bought it in a shop on level 2 of the Dungeon)
Armour
 a - the +7 toga "Victory" (worn) {*Victory Int+7 Slay+7 Clar}
   (You found it on level 6 of the Dungeon)

   *Victory:  When the wearer kills a threatening monster, it has a chance to
   gain +1 AC, +1 Slay, and +1 Int, capping at +7.
   When the wearer uses a scroll or a potion with a hostile monster in sight,
   its bonuses reset to +0.
   Unequipping it also resets its bonuses to +0.
   Int:       It affects your intelligence (+7).
   Slay:      It affects your accuracy & damage with ranged weapons and melee
   (+7).
   Clar:      It protects you from confusion, rage, mesmerisation and fear.
 k - a +1 pair of boots
 A - a +2 cloak
 D - a +1 helmet
 P - a +0 scale mail of willpower
 Q - a +2 tower shield of poison resistance (worn)
Jewellery
 h - a +6 ring of dexterity
 z - a ring of poison resistance (right hand)
 O - the ring "Denloer" (left hand) {MP+9 Str+6}
   (You found it on level 15 of the Dungeon)

   [ring of strength]

   Str:       It affects your strength (+6).
   MP:        It affects your magic capacity (+9).
 R - a ring of see invisible
Talismans
 g - a beast talisman (active)
Wands
 i - a wand of flame (26)
 F - a wand of iceblast (4)
 M - a wand of digging (6)
 N - a wand of quicksilver (9)
Scrolls
 c - 2 scrolls of enchant weapon
 d - 3 scrolls of identify
 f - a scroll of amnesia
 j - 13 scrolls of teleportation
 l - 3 scrolls of poison
 m - 7 scrolls of fog
 p - 4 scrolls of fear
 w - 6 scrolls of revelation
 C - 3 scrolls of butterflies
 E - a scroll of silence
 H - a scroll of brand weapon
 K - a scroll of blinking
Potions
 b - 5 potions of ambrosia
 e - 3 potions of resistance {unknown}
 n - 2 potions of mutation {unknown}
 o - 2 potions of magic {unknown}
 q - 2 potions of might {unknown}
 s - 4 potions of invisibility {unknown}
 t - 7 potions of enlightenment
 u - 5 potions of haste
 v - 7 potions of curing
 x - 7 potions of attraction
 B - 5 potions of heal wounds {unknown}
 I - 3 potions of berserk rage
 J - 2 potions of brilliance {unknown}


   Skills:
 + Level 10.7 Fighting
 * Level 13.2 Short Blades
 + Level 2.8 Armour
 + Level 4.1 Dodging
 + Level 4.6 Stealth
 + Level 3.0 Shields
 - Level 3.4 Unarmed Combat
 + Level 10.9 Spellcasting
 - Level 5.0 Translocations
 - Level 5.0 Air Magic
 * Level 13.8 Invocations
 - Level 10.0 Shapeshifting


You had 33 spell levels left.
You knew the following spells:

 Your Spells              Type           Power      Damage    Failure   Level
a - Vhi's Electric Charg  Tloc/Air       52%        N/A       22%         3

Your spell library contained the following spells:

 Spells                   Type           Power      Damage    Failure   Level
 Gell's Gravitas          Tloc           26%        N/A       22%         3
 Teleport Other           Tloc           26%        N/A       22%         3
 Momentum Strike          Conj/Tloc      34%        3d8       30%         2
 Poisonous Vapours        Pois/Air       34%        N/A       30%         2
 Foxfire                  Conj/Fire      36%        2x1d5     50%         1
 Magic Dart               Conj           36%        1d4       50%         1
 Slow                     Hex            36%        N/A       50%         1
 Sting                    Tmut/Pois      36%        1d4       50%         1
 Summon Small Mammal      Summ           36%        N/A       50%         1
 Portal Projectile        Hex/Tloc       34%        N/A       52%         3
 Passage of Golubria      Tloc           26%        N/A       58%         4
 Searing Ray              Conj           18%        2d5       65%         2
 Sublimation of Blood     Necr           9%         N/A       65%         2
 Call Canine Familiar     Summ           9%         N/A       86%         3
 Confusing Touch          Hex            9%         N/A       86%         3
 Inner Flame              Hex/Fire       9%         N/A       86%         3
 Summon Guardian Golem    Hex/Summ       9%         N/A       86%         3
 Tukima's Dance           Hex            9%         N/A       86%         3
 Vampiric Draining        Necr           9%         2d6       86%         3
 Iskenderun's Mystic Bla  Conj/Tloc      17%        2d5       90%         4
 Flame Wave               Conj/Fire      9%         2d6       99%         4
 Fulminant Prism          Conj/Hex       4%         3d5       99%         4
 Leda's Liquefaction      Hex/Erth       4%         N/A       99%         4
 Olgreb's Toxic Radiance  Pois           9%         N/A       99%         4
 Petrify                  Tmut/Erth      9%         N/A       99%         4
 Sticky Flame             Conj/Fire      9%         2d3       99%         4
 Irradiate                Conj/Tmut      4%         3d13      100%        5
 Iskenderun's Battlesphe  Conj           9%         2d6       100%        5
 Lee's Rapid Deconstruct  Erth           4%         3d5*      100%        5
 Dispersal                Tloc           13%        N/A       100%        6
 Leda's Unmaking          Conj/Erth      4%         9d2       100%        6
 Plasma Beam              Fire/Air       8%         2x1d19    100%        6
 Starburst                Conj/Fire      4%         6d4       100%        6
 Spellforged Servitor     Conj/Summ      4%         N/A       100%        7
 Summon Horrible Things   Summ           4%         N/A       100%        8


Dungeon Overview and Level Annotations

Branches:
Dungeon (15/15)            Temple (1/1) D:5            Lair (5/5) D:9
 Shoals (0/4) Lair:2       Spider (0/4) Lair:2        Slime (0/5) Lair:4
    Orc (2/2) D:10            Elf (0/3) Orc:2        Vaults (0/5) D:13
 Depths (0/4) D:15         Bailey (visited)         Gauntlet (visited)

Altars:
Ashenzari
Cheibriados
Dithmenos
Elyvilon
Fedhas
Gozag
Hepliaklqana
Kikubaaqudgha
Makhleb
Nemelex Xobeh
Okawaru
Qazlal
Ru
Sif Muna
Trog
Uskayaw
Vehumet
Wu Jian
Xom
Yredelemnul
Zin
The Shining One

Shops:
D:1 [   D:2 (   D:8 =   D:9 [   D:13 ?


Innate Abilities, Weirdness & Mutations

You are a hulking beast.
Your limbs bulge with bestial killing power. (Slay +7)
You have razor-sharp teeth.
Your natural rate of healing is unusually fast.
When hurt, damage is shared between your health and your magic reserves.
Your bite disrupts and absorbs the magic of your enemies.
Potions cannot restore your health.


Message History

The orc warrior shoots a bolt.
You block the bolt. You block the orc priest's attack.
An orc priest comes into view. It is wielding a +0 hand axe.
The orc wizard completely misses you.
The orc priest calls upon Beogh to heal the orc priest.
The orc priest is healed somewhat.
You hit the orc priest but do no damage.
You bite the orc priest!
You kill the orc priest!
The orc warrior shoots a bolt.
You block the bolt.
The orc sorcerer gestures at you while chanting.
The bolt of fire hits you!!!
* * * LOW HITPOINT WARNING * * *
You block the orc wizard's attack.
You hear a shout!
You are too injured to fight recklessly!
You are too injured to fight recklessly!
Casting: Vhi's Electric Charge (dangerous; 22% risk of failure)
Confirm with . or Enter, or press ? or * to list all spells.
Charge where?
Press: ? - help, Dir - move target, f - orc warrior
Aim: an orc warrior, wielding a +0 arbalest and wearing a +0 chain mail (severely wounded, 88% to hit)
You charge forward with an electric crackle!
You impale the orc warrior and electrocute it!!
You feel better.
You kill the orc warrior!
The orc sorcerer points at you and mumbles some strange words.
You suddenly lose the ability to move!
The orc wizard hits you but does no damage.
The orc priest mumbles some strange prayers to Beogh against you.
Beogh smites you!
* * * LOW HITPOINT WARNING * * *
Uskayaw links your audience in an emotional bond!
The orc wizard hits you but does no damage.
An orc priest comes into view. It is wielding a +0 dagger.
The orc sorcerer points at you and mumbles some strange words.
The bolt of negative energy hits you!!
You feel drained.
* * * LOW HITPOINT WARNING * * *
The orc priest hits you with a +0 flail.
You die...

.....# ..# #...##.##
......##..# ##...#####
#......#..# #....#..#
....)..#..# ###.......
#.....#..# ###........#
#.ooo#..# ##).$..#.....
#.3#).###>.....#.....
#oooo..#.#...........
#.))h.)).............
#....)...............
#..#.................
....#................
#.....#.............#..
......#..............
......#............
.... #...#.#.....


You could see a neqoxec (summoned, pain bonded), an orc sorcerer (pain bonded),
3 orc priests and 3 orc wizards.

Vanquished Creatures
  Frances (D:13)
  Kirke (D:13)
  An orc warlord (Bailey)
  A dire elephant (D:15)
  A minotaur (Gauntlet)
  2 crystal guardians (D:15)
  Snorg (Orc:1)
  An ettin (Orc:1)
  An entropy weaver (shapeshifter) (D:14)
  A fire dragon (Lair:5)
  4 vault guards (D:13)
  3 catoblepae (Lair:5)
  An ogre mage (D:15)
  5 centaur warriors
  2 two-headed ogres
  4 boulder beetles
  6 hydras
  4 tengu warriors
  8 death yaks
  A sixfirhy (Gauntlet)
  A skyshark (Lair:2)
  A bog body (Lair:1)
  2 wizards (Gauntlet)
  4 lindwurms
  An orange crystal statue (D:15)
  4 orc sorcerers
  5 manticores
  A salamander (D:15)
  18 ugly things
  14 elephants
  6 cyclopes
  7 black mambas
  An ice statue (Lair:1)
  Joseph (Lair:1)
  2 unseen horrors
  4 gargoyles
  6 torpor snails (Lair:5)
  14 cane toads
  6 rime drakes
  12 komodo dragons
  A freezing wraith (D:14)
  An ice devil (Lair:1)
  3 tengu conjurers
  A meliai (Lair:2)
  4 trolls
  2 polar bears
  3 tyrant leeches (Lair:5)
  9 hornets
  A wind drake (Lair:2)
  36 blink frogs
  2 dream sheep (Lair:5)
  Sigmund (D:5)
  16 slime creatures
  2 shadows
  A centaur simulacrum (D:15)
  64 yaks
  2 vampires
  8 basilisks
  9 wyverns
  2 steam dragons
  6 hogs
  2 humans
  2 wargs (Orc:1)
  7 vampire mosquitoes
  A harpy simulacrum (Lair:1)
  2 acid dragons
  16 water moccasins
  29 orc warriors
  2 ice beasts
  A black bear (D:6)
  3 sky beasts
  4 ogres
  5 centaurs
  24 wolves
  2 kobold brigands
  10 bullfrogs
  3 gnoll sergeants
  2 scorpions
  13 wights
  10 killer bees
  An elephant simulacrum (Lair:1)
  3 vampire bats (Lair:1)
  4 howler monkeys
  4 electric eels (D:9)
  10 hounds
  2 jellies
  10 orc priests
  2 iguanas
  2 sleepcaps
  23 orc wizards
  2 polar bear simulacra (Lair:1)
  Terence (D:3)
  A spriggan simulacrum (Lair:1)
  3 troll simulacra (Lair:1)
  2 wolf simulacra (Lair:1)
  A boggart simulacrum (D:14)
  19 gnolls
  9 adders
  3 shadow imps (Gauntlet)
  4 white imps
  5 ufetubi
  A worm (D:2)
  2 dart slugs (D:2)
  62 orcs
  7 ball pythons
  10 endoplasms
  5 giant cockroaches
  19 goblins
  14 hobgoblins
  6 jackals
  5 quokkas
  14 bats
  7 frilled lizards (D:1)
  17 kobolds
  3 rats
754 creatures vanquished.

Vanquished Creatures (others)
  An orc warrior (Orc:2)
  2 orc wizards
3 creatures vanquished.

Grand Total: 757 creatures vanquished

Notes
Turn   | Place    | Note
-------+----------+-------------------------------------------
     0 | D:1      | Ethylacetat the Vine Stalker Monk began the quest for the
                  | Orb.
     0 | D:1      | Reached XP level 1. HP: 11/11 MP: 2/2
   134 | D:1      | Reached XP level 2. HP: 16/16 MP: 3/3
   377 | D:1      | Reached XP level 3. HP: 17/20 MP: 4/4
   754 | D:1      | Found Tew Xinn's Antique Armour Shop.
   852 | D:2      | Reached skill level 1 in Shapeshifting
   946 | D:2      | Reached skill level 1 in Spellcasting
   946 | D:2      | Gained mutation: Your natural rate of healing is unusually
                  | fast. [Vine Stalker growth]
   946 | D:2      | Reached XP level 4. HP: 24/24 MP: 6/6
  1089 | D:2      | Found Eniufuel's Weapon Emporium.
  1467 | D:2      | Identified the +1 chain mail of Amorality {*Slow rF- Will+
                  | Str+7}
  1598 | D:3      | Noticed a centaur
  1613 | D:3      | Killed a centaur
  1614 | D:3      | Reached XP level 5. HP: 14/28 MP: 3/8
  1836 | D:3      | Reached skill level 1 in Short Blades
  2045 | D:3      | Found a white marble altar of Elyvilon.
  2082 | D:3      | Found a sparkling altar of Nemelex Xobeh.
  2096 | D:3      | Reached XP level 6. HP: 31/32 MP: 10/10
  2130 | D:3      | Noticed Terence
  2137 | D:3      | Killed Terence
  3033 | D:5      | Entered Level 5 of the Dungeon
  3033 | D:5      | Noticed a water moccasin
  3038 | D:5      | Killed a water moccasin
  3121 | D:5      | Found a glowing golden altar of the Shining One.
  3183 | D:5      | Noticed an ice beast
  3183 | D:5      | Noticed a water moccasin
  3203 | D:5      | Killed an ice beast
  3204 | D:5      | Reached XP level 7. HP: 19/37 MP: 10/12
  3255 | D:5      | Found a staircase to the Ecumenical Temple.
  3279 | Temple   | Entered the Ecumenical Temple
  3295 | Temple   | Became a worshipper of Uskayaw the Reveller
  3295 | Temple   | Reached * piety under Uskayaw
  3362 | D:5      | Reached ** piety under Uskayaw
  3695 | D:5      | Found a sacrificial altar of Ru.
  3702 | D:5      | Noticed Sigmund
  3710 | D:5      | Reached *** piety under Uskayaw
  3711 | D:5      | Killed Sigmund
  3712 | D:5      | Gained mutation: You have razor-sharp teeth. [Vine Stalker
                  | growth]
  3712 | D:5      | Reached XP level 8. HP: 42/42 MP: 12/14
  3876 | D:6      | Found a radiant altar of Vehumet.
  4013 | D:6      | Reached **** piety under Uskayaw
  4014 | D:6      | Reached skill level 5 in Shapeshifting
  4017 | D:6      | Reached ***** piety under Uskayaw
  4021 | D:6      | Reached skill level 5 in Fighting
  4029 | D:6      | Reached ****** piety under Uskayaw
  4030 | D:6      | Reached skill level 1 in Invocations
  4228 | D:6      | Reached XP level 9. HP: 39/47 MP: 16/16
  4299 | D:6      | Found an iron altar of Okawaru.
  4301 | D:6      | Found a runed translucent door.
  4319 | D:6      | Found the +0 toga "Victory" {*Victory Clar}
  5093 | D:7      | Reached skill level 5 in Short Blades
  5093 | D:7      | Reached skill level 5 in Spellcasting
  5107 | D:7      | Found an opulent altar of Gozag.
  5336 | D:8      | Reached XP level 10. HP: 43/53 MP: 14/18
  5355 | D:8      | Found Puiki's One-of-a-Kind Rings.
  5474 | D:8      | Found an ornate altar of the Wu Jian Council.
  5553 | D:8      | Found a flagged portal.
  5602 | Bailey   | Entered a bailey
  5656 | Bailey   | Reached skill level 5 in Invocations
  5759 | Bailey   | Noticed an orc warlord
  5782 | Bailey   | HP: 1/53 [orc warlord/+10 battleaxe (26)]
  5796 | Bailey   | Killed an orc warlord
  5810 | Bailey   | Got the Almanac of the Planar Legion
  5895 | D:8      | Acquired 570 gold pieces
  6085 | D:2      | Bought the +8 Vampire's Tooth {megavamp} for 780 gold
                  | pieces
  6085 | D:2      | Found the +8 Vampire's Tooth {megavamp}
  6341 | D:8      | Reached XP level 11. HP: 58/58 MP: 19/21
  6492 | D:8      | Found a hazy altar of Hepliaklqana.
  6584 | D:9      | Noticed a tengu warrior
  6587 | D:9      | Killed a tengu warrior
  6643 | D:9      | Found a staircase to the Lair.
  6938 | D:9      | Found Vakkis's Antique Armour Emporium.
  7440 | D:10     | Entered Level 10 of the Dungeon
  7445 | D:10     | Found a staircase to the Orcish Mines.
  8453 | D:11     | Noticed a manticore
  8455 | D:11     | Killed a manticore
  8626 | D:11     | Noticed a two-headed ogre
  8631 | D:11     | Killed a two-headed ogre
  8665 | D:11     | Reached XP level 12. HP: 58/63 MP: 20/24
  8747 | D:11     | Noticed a boulder beetle
  8758 | D:11     | Killed a boulder beetle
  9248 | D:12     | Noticed a two-headed ogre
  9252 | D:12     | Killed a two-headed ogre
  9665 | D:13     | Noticed Kirke
  9665 | D:13     | Noticed Frances
  9675 | D:13     | Killed Kirke
  9678 | D:13     | Killed Frances
  9694 | D:13     | Learned a level 3 spell: Vhi's Electric Charge
  9919 | D:13     | Reached skill level 10 in Invocations
  9919 | D:13     | Reached XP level 13. HP: 69/69 MP: 26/26
  9932 | D:13     | Reached skill level 1 in Translocations
  9932 | D:13     | Reached skill level 1 in Air Magic
 10020 | D:13     | Found Qioril's Magic Scroll Emporium.
 10101 | D:13     | Found a gate to the Vaults.
 10101 | D:13     | Noticed a vault guard
 10101 | D:13     | Noticed a vault guard
 10101 | D:13     | Noticed a vault guard
 10101 | D:13     | Noticed a vault guard
 10107 | D:13     | Killed a vault guard
 10108 | D:13     | Reached skill level 10 in Short Blades
 10108 | D:13     | Killed a vault guard
 10111 | D:13     | Killed a vault guard
 10113 | D:13     | Killed a vault guard
 10290 | D:13     | Found a sacrificial altar of Ru.
 10588 | D:14     | a wind drake changed into an entropy weaver
 10588 | D:14     | Noticed an entropy weaver (shapeshifter)
 10593 | D:14     | Killed an entropy weaver
 10901 | D:14     | You fall into a shaft and drop 1 floor!
 10901 | D:15     | Entered Level 15 of the Dungeon
 10935 | D:15     | Found a runed translucent door.
 10943 | D:15     | Noticed a crystal guardian
 10943 | D:15     | Noticed a crystal guardian
 10947 | D:15     | Killed a crystal guardian
 10949 | D:15     | Killed a crystal guardian
 10952 | D:15     | Reached XP level 14. HP: 18/75 MP: 2/28
 10988 | D:15     | Identified the ring "Denloer" {MP+9 Str+6}
 11491 | D:15     | Noticed a dire elephant
 11497 | D:15     | Found a staircase to the Depths.
 11499 | D:15     | Killed a dire elephant
 11961 | Lair:1   | Entered Level 1 of the Lair of Beasts
 12230 | Lair:1   | Noticed Joseph
 12237 | Lair:1   | Killed Joseph
 12940 | Lair:2   | Found a hole to the Spider Nest.
 13003 | Lair:2   | Found a gate leading to a gauntlet.
 13014 | Gauntlet | Entered a Gauntlet
 13014 | Gauntlet | Found a transporter.
 13014 | Gauntlet | Found a transporter.
 13020 | Gauntlet | Found a transporter.
 13020 | Gauntlet | Found a transporter.
 13033 | Gauntlet | Found a transporter.
 13042 | Gauntlet | Found a transporter.
 13049 | Gauntlet | Found a transporter.
 13050 | Gauntlet | Found a transporter.
 13052 | Gauntlet | Found a transporter.
 13056 | Gauntlet | Found a transporter.
 13090 | Gauntlet | Found a transporter.
 13130 | Gauntlet | Found a transporter.
 13145 | Gauntlet | Found a transporter.
 13159 | Gauntlet | Found a transporter.
 13260 | Gauntlet | Found a transporter.
 13276 | Gauntlet | Found a transporter.
 13389 | Gauntlet | Reached skill level 10 in Spellcasting
 13406 | Gauntlet | Identified the +1 trident "Hiklufus" {heavy, rF+}
 13511 | Gauntlet | Identified the +5 scale mail of the Ageless Thickets
                  | {Int+7}
 13521 | Gauntlet | Reached XP level 15. HP: 47/77 MP: 30/30
 13603 | Lair:2   | Found a staircase to the Shoals.
 13620 | Lair:2   | Reached skill level 10 in Fighting
 13933 | Lair:2   | You fall into a shaft and drop 2 floors!
 14868 | Lair:4   | Found a staircase to the Slime Pits.
 15238 | Lair:4   | Reached skill level 1 in Stealth
 15372 | Lair:4   | Identified the +0 plate armour "Liotute" {rC- rN+ Str+4}
 15728 | Lair:5   | Entered Level 5 of the Lair of Beasts
 15747 | Lair:5   | Reached skill level 1 in Shields
 15867 | Lair:5   | Reached skill level 1 in Armour
 15873 | Lair:5   | Identified the +5 rapier "Gofahoth" {freeze, Int-5 Dex+5}
 16007 | Lair:5   | Reached skill level 10 in Shapeshifting
 16269 | Lair:5   | Reached XP level 16. HP: 86/86 MP: 31/31
 16511 | Lair:5   | Reached skill level 5 in Translocations
 16526 | Lair:5   | Reached skill level 5 in Air Magic
 16811 | Lair:5   | Found a runed translucent door.
 17421 | Orc:1    | Entered Level 1 of the Orcish Mines
 17622 | Orc:1    | Noticed Snorg
 17632 | Orc:1    | Killed Snorg
 17892 | Orc:2    | Entered Level 2 of the Orcish Mines
 17923 | Orc:2    | Found a staircase to the Elven Halls.
 17954 | Orc:2    | Paralysed by an orc sorcerer for 3 turns
 17956 | Orc:2    | HP: 1/82 [orc sorcerer/bolt of negative energy (21)]
 17956 | Orc:2    | Slain by an orc priest

Illustrated notes

Levels and vault maps discovered:
D:1:      dpeg_arrival_simpleton_b, layout_loops_cross, serial_shops, shop,
          minmay_lizard_king
D:2:      layout_basic, serial_shops, nicolae_shop_bloodbath_and_beyond,
          minmay_tetromino_s2
D:3:      layout_basic, mainiacjoe_overflow_catch_the_wave, uniq_terence
D:4:      layout_gridville
D:5:      nicolae_BIG_FREAKIN_CUBE, layout_basic, kennysheep_little_box,
          marbit_many_paths, uniq_sigmund
D:6:      minmay_spotlight, layout_basic,
          nicolae_overflow_guarded_unrand_okawaru_victory, vehumet_crystals
D:7:      layout_basic, grunt_gozag_breadcrumbs, minmay_misc_feat_encased
D:8:      layout_cave_pools, mainiacjoe_overflow_alcove_2,
          worldfamousw_hep_ancestral_shrine, enter_bailey_5, grunt_livestock,
          nicolae_shop_unique_rings
D:9:      layout_basic, erik_lair_island, serial_shops,
          nicolae_shop_advertising_works [nicolae_subvault_shop_adworks]
D:10:     layout_stronghold, orc_david_3
D:11:     layout_layer_cave, kennysheep_potato
D:12:     layout_rooms
D:13:     layout_cave_pools, lightli_vaults_fourway_checkpoint, serial_shops,
          shop, nicolae_ru_path_of_blood, uniq_kirke, uniq_frances
D:14:     layout_loops_cross, hangedman_abyss_or_decor_passed
D:15:     hangedman_depths_entry_try_elsewhere_first, layout_gridville,
          serial_park_square3 [serial_park_minivault_5x5_5], minmay_crystal_box
Temple:   compressed_dpeg_triangle_lava_temple
Lair:1:   dreamdust_isle_of_ice, layout_small_grid,
          chequers_serial_rivers_micro_b, roderic_batcave, minmay_holes,
          grunt_megastairs_5, uniq_joseph
Lair:2:   layout_cave_pods, minmay_shoals_entry_beasts,
          hellmonk_spider_entry_not_the_bees, gauntlet_entry_generic
Lair:3:   layout_loops_ring
Lair:4:   cheibrodos_lair_river_kwai, layout_layer_cave, dpeg_slime_entry_corner
Lair:5:   wormcave, layout_cave_pods, hangedman_lair_in_review, st_stairs_11
Orc:1:    layout_caves, basic_altar, uniq_snorg
Orc:2:    st_orc_mages, layout_caves, ebering_ghost_disaster_area

Skill      XL: |  1  2  3  4  5  6  7  8  9 10 11 12 13 14 15 16 |
---------------+-------------------------------------------------+-----
Fighting       | 3 4 5 6 7 8 9 10 | 10.7
Shapeshifting  | 1 2 3 4 5 6 7 8 9 10 | 10.0
Spellcasting   | 1 2 3 4 5 6 7 8 9 10 | 10.9
Short Blades   | 1 2 4 5 6 8 9 10 12 13 | 13.2
Invocations    | 2 4 6 8 10 11 12 13 | 13.8
Translocations | 3 4 5 |  5.0
Air Magic      | 3 4 5 |  5.0
Stealth        | 3 4 |  4.6
Shields        | 2 3 |  3.0
Armour         | 1 2 |  2.8
Dodging        | 3 4 |  4.1
Unarmed Combat | |  3.4

Action                     |  1- 3 |  4- 6 |  7- 9 | 10-12 | 13-15 | 16-18 || total
---------------------------+-------+-------+-------+-------+-------+-------++-------
  Melee: Unarmed           |    93 |    33 |       |       |       |       ||   126
         Bite              |    27 |    58 |   100 |   170 |   324 |   113 ||   792
         Dagger            |       |   109 |   203 |   116 |       |       ||   428
         Quick blade       |       |       |       |   264 |   709 |   251 ||  1224
  Throw: Dart              |       |       |       |     2 |       |       ||     2
   Cast: Vhi's Electric Ch |       |       |       |       |     4 |     2 ||     6
 Invoke: Line Pass         |       |       |       |     3 |       |       ||     3
  Evoke: Wand              |       |       |     1 |    11 |       |       ||    12
    Use: Potion            |       |       |     2 |       |     1 |       ||     3
         Scroll            |       |       |       |    14 |    10 |       ||    24
   Stab: Paralysed         |       |       |    12 |    35 |    60 |    22 ||   129
         Confused          |       |       |       |     2 |       |       ||     2
         Sleeping          |       |       |       |       |     1 |     1 ||     2
         Petrified         |       |       |       |       |     1 |       ||     1
 Armour: Plate armour      |    83 |    76 |    71 |       |       |       ||   230
         Robe              |       |       |     4 |    43 |   105 |    32 ||   184
  Dodge: Dodged            |    15 |    15 |    61 |   175 |   156 |    35 ||   457
  Block: Tower shield      |       |       |       |       |   123 |   119 ||   242
   Form: Beast             |     1 |       |       |       |       |       ||     1

Table legend: (Time is in decaauts)
 A = Elapsed time spent in this place.
 B = Non-inter-level travel time spent in this place.
 C = Inter-level travel time spent in this place.
 D = Time resting spent in this place.
 E = Time spent auto-exploring this place.
 F = Levels seen in this place.
 G = Mean time per level.
                   A        B        C        D        E       F      G
               +--------+--------+--------+--------+--------+-----+--------+
         Total |  17790 |  16645 |   1145 |     81 |  13106 |  25 |  711.6 |
       Dungeon |  11570 |  10696 |    874 |     81 |   8698 |  15 |  771.3 |
        Temple |     41 |     23 |     18 |      0 |      0 |   1 |   41.0 |
          Lair |   4874 |   4638 |    236 |      0 |   3678 |   5 |  974.8 |
  Orcish Mines |    525 |    509 |     16 |      0 |    386 |   2 |  262.5 |
        Bailey |    263 |    263 |      0 |      0 |     53 |   1 |  263.0 |
      Gauntlet |    516 |    516 |      0 |      0 |    291 |   1 |  516.0 |
               +--------+--------+--------+--------+--------+-----+--------+

Top non-repeatable levels by time:
  Lair:5: 1548 daAuts
     D:3: 1205 daAuts
  Lair:4: 1127 daAuts
    D:10: 1064 daAuts
  Lair:1: 1008 daAuts
     D:9: 945 daAuts
     D:6: 877 daAuts
     D:1: 836 daAuts
    D:11: 831 daAuts
     D:5: 794 daAuts
     D:2: 770 daAuts
    D:14: 744 daAuts
    D:15: 733 daAuts
  Lair:3: 694 daAuts
    D:13: 666 daAuts
